Construct Section Command Post
Selects Indian Artillery Battlegroup
Selects Indian Artillery Battlegroup
Selects Towed ML 4.2-inch Heavy Mortar
Towed ML 4.2-inch Heavy Mortar
Construct Platoon Command Post
Construct Company Command Post
Selects Gurkha Rifles Section
Unlock Towed 17-pounder Anti-tank Guns
17-pounder Anti-tank Gun Team
Selects Volunteer Infantry
Selects Off-map Airburst Barrage
17-pounder Anti-tank Gun Team